 Dungeon Crawl Stone Soup version 0.17-a0-1946-gfb768fe (webtiles) character file.

240034 HungrySpirit the Wrestler (level 19, 0/178 HPs)
             Began as a Ghoul Warper on Oct 1, 2015.
             Was the Champion of Ru.
             Slain by a vault warden
             ... wielding a +2 halberd of freezing
              (8 damage)
             ... on level 1 of the Vaults.
             The game lasted 02:05:38 (41047 turns).

HungrySpirit the Wrestler (Ghoul Warper)           Turns: 41047, Time: 02:05:39

Health: 0/178      AC: 19    Str: 23    XL:     19   Next: 31%
Magic:  20/20      EV: 10    Int:  3    God:    Ru [******]
Gold:   2509       SH:  0    Dex:  8    Spells: 0 memorised, 21 levels left

rFire  + . .     SeeInvis +       - Unarmed
rCold  + . .     Clarity  .     Z - +0 plate armour {rC+}
rNeg   + + +     SustAt   .     (shield unavailable)
rPois  ∞         Gourm    .     X - +1 hat
rElec  +         Spirit   .     (no cloak)
rCorr  +         Warding  .     a - -1 pair of gloves of Curiosity {rN+ MR+ rCorr Int-5}
rMut   .         Stasis   .     V - +0 pair of boots
MR     ++...                    P - amulet of resist corrosion
Stlth  ..........               K - ring "Guqy" {+Fly rElec rF+ rC- SInv}
                                (ring unavailable)

@: exhausted, no scrolls, rotting, drained, very resistant to hostile
enchantments, extremely unstealthy
A: rotting body, claws 1, carnivore 3, cold resistance 1, negative energy
resistance 3, slow healing 1, torment resistance, unbreathing, inability to read
while threatened, missing a hand, no stealth, hated by all, no charms magic, no
ice magic, no necromancy magic
a: Draw Out Power, Power Leap, Apocalypse, Renounce Religion, Evoke Flight
}: 2/15 runes: barnacled, gossamer


You were on level 1 of the Vaults.
You worshipped Ru.
Ru was exalted by your worship.
You were not hungry.

You visited 7 branches of the dungeon, and saw 37 of its levels.
You visited the Abyss 2 times.
You also visited: Volcano.

You collected 3646 gold pieces.
You spent 1137 gold pieces at shops.

Inventory:

Missiles
 d - 5 tomahawks of dispersal (quivered)
Armour
 a - the -1 pair of gloves of Curiosity (worn) {rN+ MR+ rCorr Int-5}
   (You bought it in a shop on level 4 of the Orcish Mines)

   It affects your intelligence (-5).
   It protects you from negative energy.
   It affects your resistance to hostile enchantments.
   It protects you from acid and corrosion.
 V - a +0 pair of boots (worn)
 X - a +1 hat (worn)
 Z - a +0 plate armour of cold resistance (worn)
Jewellery
 p - an uncursed ring of see invisible
 s - an uncursed ring of protection from magic
 z - the ring "Kemexat" {rC+ rN+}
   (You found it on level 9 of the Dungeon)

   [ring of positive energy]

   It protects you from cold.
   It protects you from negative energy.
 K - the ring "Guqy" (right hand) {+Fly rElec rF+ rC- SInv}
   (You found it on level 2 of the Lair of Beasts)

   [ring of flight]

   It protects you from fire.
   It makes you vulnerable to cold.
   It insulates you from electricity.
   It lets you see invisible.
   It lets you fly.
 P - an amulet of resist corrosion (around neck)
Magical devices
 i - a wand of draining (0)
 u - a wand of hasting (4)
 R - a wand of frost (15)
Scrolls
 c - 5 scrolls of blinking
 h - 7 scrolls of amnesia
 m - 4 scrolls of recharging
 n - 4 scrolls of fear
 t - 9 scrolls of remove curse
 x - 3 scrolls of enchant weapon
 y - a scroll of silence
 A - 2 scrolls of magic mapping
 H - 2 scrolls of fog
 L - 2 scrolls of enchant armour
 N - 8 scrolls of identify
 T - 6 scrolls of teleportation
Potions
 o - 17 potions of curing
 q - 2 potions of agility
 E - 3 potions of magic
 G - 5 potions of ambrosia
 I - 3 potions of flight
 J - 2 potions of might
 M - 5 potions of haste
 S - 5 potions of brilliance
 W - a potion of resistance
Books
 b - a book of the Earth

   Spells                             Type                      Level
   a - Leda's Liquefaction            Hexes/Earth                  4
   b - Bolt of Magma                  Conjuration/Fire/Earth       5
   c - Statue Form                    Transmutation/Earth          6
   d - Iron Shot                      Conjuration/Earth            6
   e - Shatter                        Earth                        9
 l - a book of Ice

   Spells                             Type                      Level
   a - Ice Form                       Ice/Transmutation            4
   b - Metabolic Englaciation         Hexes/Ice                    5
   c - Ozocubu's Refrigeration        Ice                          6
   d - Bolt of Cold                   Conjuration/Ice              6
   e - Freezing Cloud                 Conjuration/Ice/Air          6
   f - Simulacrum                     Ice/Necromancy               6
 F - a book of Power

   Spells                             Type                      Level
   a - Fulminant Prism                Conjuration/Hexes            4
   b - Iskenderun's Mystic Blast      Conjuration                  4
   c - Venom Bolt                     Conjuration/Poison           5
   d - Bolt of Magma                  Conjuration/Fire/Earth       5
   e - Iron Shot                      Conjuration/Earth            6
   f - Orb of Destruction             Conjuration                  7
   g - Spellforged Servitor           Conjuration/Summoning        7
Comestibles
 e - 7 meat rations
 f - 3 royal jellies
 g - 20 chunks of flesh
 j - 7 beef jerkies
 k - 5 slices of pizza


   Skills:
 + Level 17.7(17.2) Fighting
 - Level 0.8(0.5) Throwing
 + Level 14.7(14.2) Armour
 + Level 10.4(10.0) Dodging
 + Level 22.7(22.2) Unarmed Combat
 - Level 1.7(1.4) Spellcasting
   Level 2.6(2.3) Translocations


You had 21 spell levels left.
You didn't know any spells.

Dungeon Overview and Level Annotations

Branches:
Dungeon (15/15)            Temple (1/1) D:6            Lair (8/8) D:9
 Shoals (4/4) Lair:4       Spider (4/4) Lair:3        Slime (0/6) Lair:8
    Orc (4/4) D:12            Elf (0/3) Orc:4        Vaults (1/5) D:14
 Depths (0/5) D:15

Altars:
Ashenzari
Cheibriados
Dithmenos
Elyvilon
Fedhas
Gozag
Kikubaaqudgha
Makhleb
Nemelex Xobeh
Okawaru
Qazlal
Ru
Sif Muna
Trog
Vehumet
Xom
Yredelemnul
Zin
The Shining One
Jiyva

Shops:
Orc:4 *[:(   Shoals:1 (   Shoals:2 =

Portals:
Trove: D:15 (give +3 gold dragon armour)

Annotations:
D:8 exclusion: door
Lair:1 exclusion: oklob plant, Gastronok


Innate Abilities, Weirdness & Mutations

Your body is rotting away.
You thrive on raw meat.
You are immune to poison.
You have sharp fingernails.
You are carnivorous and can eat meat at any time.
Your flesh is cold resistant.
You are immune to negative energy.
You heal slowly when monsters are visible.
You are immune to unholy pain and torment.
You can survive without breathing.
You cannot read scrolls while threatened.
You are missing a hand.
You cannot be stealthy.
You are hated by all.
You cannot study or cast Charms magic.
You cannot study or cast Ice magic.
You cannot study or cast Necromancy magic.


Message History

You hit the vault warden.
The vault warden is heavily wounded.
The vault warden activates a sealing rune.
The vault warden hits you with an uncursed halberd of freezing!!!
* * * LOW HITPOINT WARNING * * *
The vault warden freezes you.
* * * LOW HITPOINT WARNING * * *
You focus your will and blind the vault warden in retribution!
Drink which item? (? for menu, Esc to quit)
Not wearing; Degree: 0 You feel much better.
The vault warden activates a sealing rune. x3
Drink which item? (? for menu, Esc to quit)
Not wearing; Degree: 0 You feel much better.
The vault warden activates a sealing rune.
The vault warden hits you with an uncursed halberd of freezing!!!
* * * LOW HITPOINT WARNING * * *
The vault warden freezes you!
You die...

#.......................#
#.......................#
#.....###############...#
#.....# .#.#.#.# #...#
#.....# #.#.#.# #...#
#.....# +#.#/#.#.# #...#
... $.+.#.+ #...#
######)#O#+####...#
#(...(@pO.....#...#
#+#+#######+###...#
#.....÷#......#...#
#####+.+.######...#
#....#.#.'....#...#
####.#.#)#.####...#
#..#.#.#.#.'..'...#
+.'[#.#.#.#.##...#
#######+######...#


You could see a vault warden (blind), a two-headed ogre and an ogre.

Vanquished Creatures
  Arachne (Spider:4)
  Rupert (Lair:5)
  Asterion (Spider:4)
  Polyphemus (Shoals:3)
  Kirke (Shoals:3)
  An orc warlord (Orc:4)
  4 ghost moths
  Maud (Orc:4)
  8 emperor scorpions
  Louise (Spider:4)
  Azrael (D:12)
  Snorg (Lair:8)
  2 merfolk javelineers (Shoals:4)
  4 dire elephants (Lair:8)
  Josephine (D:14)
  9 merfolk impalers
  A great orb of eyes (Abyss:2)
  5 vault guards
  Harold (D:12)
  An anaconda (Lair:8)
  3 merfolk avatars
  4 hydras
  Erica (D:10)
  2 catoblepae
  3 entropy weavers
  5 merfolk aquamancers
  3 centaur warriors
  3 ogre magi
  11 death yaks
  2 tengu warriors
  2 satyrs
  4 orc high priests (Orc:4)
  A thrashing horror (Abyss:1)
  Urug (Orc:3)
  2 hell knights (D:11)
  Sonja (Orc:2)
  A deep elf knight (Vaults:1)
  A wretched star (Abyss:1)
  16 sea snakes
  2 unseen horrors (D:15)
  6 hill giants
  3 ironbrand convokers (Vaults:1)
  5 harpies
  2 wizards (D:15)
  A necromancer (D:15)
  15 orb spiders
  5 orc sorcerers
  6 ugly things
  9 griffons
  28 wolf spiders
  7 orc knights
  10 manticores
  6 water nymphs
  8 cyclopes
  A sixfirhy (Abyss:2)
  6 hornets
  4 moths of wrath
  7 fauns
  7 sirens
  An apocalypse crab (Abyss:2)
  A vault sentinel (Vaults:1)
  An orange demon (Abyss:1)
  16 elephants
  4 centaur zombies
  Psyche (D:9)
  A torpor snail (Spider:1)
  13 spiny frogs
  4 black mambas
  7 centaur skeletons
  A gargoyle (D:12)
  13 demonic crawlers
  3 smoke demons
  An efreet (Abyss:2)
  A hellion (Abyss:2)
  3 fire drakes
  A deep elf priest (Vaults:1)
  3 ancient zymes
  8 komodo dragons
  A silent spectre (Abyss:2)
  6 two-headed ogres
  4 trolls
  11 blink frogs
  26 merfolk
  A wind drake (Shoals:3)
  15 jumping spiders
  A trapdoor spider zombie (D:8)
  21 slime creatures
  A boulder beetle (Spider:3)
  9 snapping turtles
  28 redbacks
  2 shadows
  A deep elf mage (Vaults:1)
  19 water elementals
  5 flying skulls (Abyss:2)
  2 vampires
  4 hogs (Shoals:3)
  59 yaks
  A spriggan (shapeshifter) (Vaults:1)
  15 tarantellas
  4 wyverns
  6 basilisks
  3 deep elf fighters
  3 ynoxinuls
  2 neqoxecs
  4 wraiths (D:14)
  32 trapdoor spiders
  A fire bat (shapeshifter) (Abyss:2)
  11 fire bats
  2 humans (Shoals:3)
  12 vampire mosquitoes
  11 hippogriffs
  Edmund (D:6)
  4 mottled dragons
  5 fire elementals (D:12)
  5 wargs
  20 wolves
  A soldier ant (D:14)
  6 hell hounds
  12 water moccasins
  5 sky beasts
  7 ice beasts
  34 orc warriors
  9 porcupines
  3 black bears
  13 spiders
  4 boggarts (Vaults:1)
  4 necrophages
  A wasp (Spider:3)
  An eye of draining (D:12)
  23 ogres
  A brain worm (Lair:8)
  25 crocodiles
  2 big kobolds
  14 centaurs
  2 wyvern zombies
  23 giant frogs
  9 killer bees
  2 small abominations
  A scorpion (D:13)
  2 gnoll sergeants
  3 electric eels
  5 wights (D:8)
  A crimson imp (D:11)
  7 hounds
  3 jellies
  3 quasits (Abyss:2)
  8 worker ants
  2 giant frog zombies
  29 orc priests
  2 hell rats (Lair:1)
  Terence (D:2)
  Natasha (thrice) (D:2)
  12 iguanas
  45 orc wizards
  15 sheep
  2 hound zombies
  4 hound skeletons
  A worker ant zombie (D:6)
  13 gnolls
  67 river rats
  12 adders
  3 shadow imps
  A white imp (Abyss:1)
  An ufetubus (Abyss:2)
  3 oozes
  4 worms
  4 giant geckos
  214 orcs
  5 giant cockroaches
  11 hobgoblins
  6 jackals
  13 kobolds
  5 quokkas
  4 ball pythons
  10 bats
  A giant gecko skeleton (D:6)
  5 giant newts
  6 goblins
  A jackal skeleton (D:9)
  A quokka skeleton (D:9)
  A quokka zombie (D:6)
  8 rats
  A bush (Lair:2)
  2 fungi (Shoals:2)
  2 lurking horrors
  41 plants
1486 creatures vanquished.

Vanquished Creatures (others)
  An emperor scorpion (Spider:4)
  A slime creature (D:13)
  A wolf spider (Spider:4)
  A griffon (Shoals:4)
  A cyclops (Shoals:1)
  An efreet (D:14)
  A merfolk (Shoals:1)
  A jumping spider (Spider:4)
  A blink frog (Lair:7)
  A tarantella (Spider:4)
  A trapdoor spider (Spider:3)
  A yak (D:13)
  A hippogriff (Lair:5)
  A water moccasin (Lair:6)
  A porcupine (Lair:4)
  A crocodile (Lair:7)
  An iguana (Lair:3)
  2 river rats
  3 orcs
  3 fire vortices (D:8)
  8 fungi
  A lurking horror (Abyss:2)
  6 plants
40 creatures vanquished.

Grand Total: 1526 creatures vanquished

Notes
Turn   | Place    | Note
--------------------------------------------------------------
     0 | D:1      | HungrySpirit the Ghoul Warper began the quest for the Orb.
     0 | D:1      | Reached XP level 1. HP: 17/17 MP: 2/2
   205 | D:1      | Reached skill level 3 in Unarmed Combat
   205 | D:1      | Reached XP level 2. HP: 14/23 MP: 3/3
   684 | D:1      | Reached XP level 3. HP: 25/29 MP: 4/4
   997 | D:1      | Reached skill level 4 in Unarmed Combat
  1179 | D:2      | Noticed Natasha
  1187 | D:2      | Killed Natasha
  1187 | D:2      | Reached XP level 4. HP: 22/36 MP: 5/5
  1495 | D:2      | Noticed Terence
  1497 | D:2      | Noticed Natasha
  1592 | D:2      | Killed Terence
  1592 | D:2      | Reached skill level 5 in Unarmed Combat
  1628 | D:2      | Killed Natasha
  1647 | D:2      | Noticed Natasha
  1653 | D:2      | Killed Natasha
  1783 | D:2      | You fall through a shaft for 2 floors!
  1918 | D:4      | Reached XP level 5. HP: 35/41 MP: 6/6
  2126 | D:3      | Found a snail-covered altar of Cheibriados.
  2532 | D:3      | Reached skill level 6 in Unarmed Combat
  3465 | D:4      | Reached XP level 6. HP: 37/48 MP: 7/7
  3520 | D:5      | Entered Level 5 of the Dungeon
  3648 | D:5      | Found a basalt altar of Yredelemnul.
  3656 | D:5      | Reached skill level 7 in Unarmed Combat
  3771 | D:5      | Reached skill level 8 in Unarmed Combat
  3771 | D:5      | Reached XP level 7. HP: 8/55 MP: 8/8
  5454 | D:6      | Noticed Edmund
  5501 | D:6      | Killed Edmund
  5501 | D:6      | Reached skill level 9 in Unarmed Combat
  5525 | D:6      | Found a staircase to the Ecumenical Temple.
  5559 | Temple   | Entered the Ecumenical Temple
  5602 | Temple   | Became a worshipper of Ru the Awakened
  5676 | D:6      | Reached XP level 8. HP: 40/60 MP: 9/9
  5866 | D:6      | Reached skill level 10 in Unarmed Combat
  5948 | D:6      | Found a sparkling altar of Nemelex Xobeh.
  5956 | D:6      | Found a burning altar of Makhleb.
  5978 | D:6      | Reached skill level 1 in Armour
  6479 | D:7      | Reached skill level 11 in Unarmed Combat
  6831 | D:7      | Reached XP level 9. HP: 66/70 MP: 10/10
  7143 | D:8      | Gained mutation: You are missing a hand. [Ru sacrifice]
  7143 | D:8      | Acquired Ru's first power
  7143 | D:8      | Acquired Ru's second power
  7143 | D:8      | Acquired Ru's third power
  7759 | D:8      | Reached skill level 5 in Fighting
  7782 | D:8      | Reached skill level 12 in Unarmed Combat
  8252 | D:8      | Found a bloodstained altar of Trog.
  8252 | D:8      | Found an opulent altar of Gozag.
  8339 | D:8      | Reached XP level 10. HP: 56/82 MP: 11/11
  8616 | D:9      | Reached skill level 5 in Armour
  8692 | D:9      | Got a faintly glowing lead ring
  8693 | D:9      | Identified the ring "Kemexat" {rC+ rN+} (You found it on level 9 of the Dungeon)
  8764 | D:9      | Noticed Psyche
  8767 | D:9      | Found a radiant altar of Vehumet.
  8921 | D:9      | Reached skill level 13 in Unarmed Combat
  9167 | D:9      | Cast into the Abyss (Psyche)
  9258 | Abyss:1  | Noticed a starcursed mass
  9275 | Abyss:1  | Noticed a guardian serpent
  9368 | Abyss:2  | Gained mutation: You cannot read scrolls while threatened. [Ru sacrifice]
  9368 | Abyss:2  | Acquired Ru's fourth power
  9391 | Abyss:3  | Found a corrupted altar of Lugonu.
  9411 | D:9      | Escaped the Abyss
  9412 | D:9      | Noticed a lindwurm
  9412 | D:9      | Noticed a lindwurm
  9428 | D:9      | Killed Psyche
  9805 | D:9      | Noticed a lindwurm
 10561 | D:9      | Found a staircase to the Lair.
 10729 | D:10     | Entered Level 10 of the Dungeon
 10736 | D:10     | Reached skill level 14 in Unarmed Combat
 10753 | D:10     | Reached XP level 11. HP: 85/92 MP: 10/12
 10977 | D:10     | Noticed Erica
 10984 | D:10     | Killed Erica
 11786 | D:11     | Gained mutation: You cannot be stealthy. [Ru sacrifice]
 11786 | D:11     | Acquired Ru's fifth power
 12097 | D:11     | Reached skill level 15 in Unarmed Combat
 12121 | D:11     | Noticed a hill giant
 12130 | D:11     | Killed a hill giant
 13029 | D:12     | Reached XP level 12. HP: 95/103 MP: 11/13
 13323 | Lair:1   | Entered Level 1 of the Lair of Beasts
 13581 | Lair:1   | Noticed Gastronok
 13585 | Lair:1   | Noticed a five-headed hydra
 13702 | Lair:1   | Gained mutation: You cannot study or cast Ice magic. [Ru sacrifice]
 13702 | Lair:1   | Gained mutation: You cannot study or cast Necromancy magic. [Ru sacrifice]
 13702 | Lair:1   | Gained mutation: You cannot study or cast Charms magic. [Ru sacrifice]
 13746 | Lair:1   | Killed a five-headed hydra
 13958 | Lair:1   | Reached skill level 16 in Unarmed Combat
 14201 | Lair:2   | Got a sparkling marble ring
 14204 | Lair:2   | Identified the ring "Guqy" {+Fly rElec rF+ rC- SInv} (You found it on level 2 of the Lair of Beasts)
 14227 | Lair:2   | Reached skill level 10 in Fighting
 15180 | Lair:3   | Gained mutation: You are hated by all. [Ru sacrifice]
 15352 | Lair:3   | Noticed an eight-headed hydra
 15454 | Lair:3   | Found a hole to the Spider Nest.
 16318 | Lair:4   | Found a staircase to the Shoals.
 16659 | Lair:4   | Reached XP level 13. HP: 112/115 MP: 12/14
 16909 | Lair:5   | Reached skill level 17 in Unarmed Combat
 16973 | Lair:5   | Noticed Rupert
 16987 | Lair:5   | Killed Rupert
 17524 | Lair:5   | Identified Sif Muna's Volume of Igneous Black Arts (You found it on level 5 of the Lair of Beasts)
 19010 | Lair:7   | Reached skill level 18 in Unarmed Combat
 19587 | Lair:7   | Reached skill level 10 in Armour
 19690 | Lair:7   | Reached XP level 14. HP: 102/126 MP: 15/15
 19870 | Lair:8   | Entered Level 8 of the Lair of Beasts
 20023 | Lair:8   | Found a staircase to the Slime Pits.
 20024 | Lair:8   | Found a viscous altar of Jiyva.
 20567 | Lair:7   | Reached skill level 19 in Unarmed Combat
 20982 | Lair:8   | Noticed Snorg
 20994 | Lair:8   | Killed Snorg
 22135 | D:11     | Noticed a hell knight
 22145 | D:11     | Killed a hell knight
 22154 | D:11     | Noticed a hell knight
 22154 | D:11     | Noticed a hell knight
 22154 | D:11     | Noticed a hell knight
 22161 | D:11     | Noticed a hell knight
 22169 | D:11     | Killed a hell knight
 22347 | D:12     | Found a staircase to the Orcish Mines.
 22589 | D:12     | Noticed Azrael
 22600 | D:12     | Killed Azrael
 22978 | D:12     | Reached XP level 15. HP: 122/136 MP: 16/16
 23131 | D:12     | Noticed a centaur warrior
 23140 | D:12     | Killed a centaur warrior
 23177 | D:12     | Noticed Harold
 23194 | D:12     | Killed Harold
 23378 | Orc:1    | Entered Level 1 of the Orcish Mines
 23506 | Orc:1    | Found a dark tunnel.
 23518 | Volcano  | Entered a volcano
 24478 | Orc:2    | Noticed Sonja
 24502 | Orc:2    | Killed Sonja
 24502 | Orc:2    | Reached skill level 20 in Unarmed Combat
 24994 | Orc:4    | Entered Level 4 of the Orcish Mines
 24994 | Orc:4    | Noticed Maud
 25005 | Orc:4    | Killed Maud
 25091 | Orc:4    | Found a staircase to the Elven Halls.
 25237 | Orc:3    | Noticed Urug
 25260 | Orc:3    | Killed Urug
 26957 | Orc:4    | Found Alepus's General Store.
 26958 | Orc:4    | Found Teaf's Book Shop.
 26959 | Orc:4    | Found Lung's Antique Armour Shop.
 26959 | Orc:4    | Found Michy's Antique Weapon Boutique.
 27089 | Orc:4    | Bought a pair of brightly glowing gloves for 332 gold pieces
 27089 | Orc:4    | Bought a shiny plate armour for 805 gold pieces
 27094 | Orc:4    | Identified the cursed -1 pair of gloves of Curiosity {rN+ MR+ rCorr Int-5} (You bought it in a shop on level 4 of the Orcish Mines)
 27630 | D:13     | Found a shadowy altar of Dithmenos.
 28393 | D:14     | Found a sacrificial altar of Ru.
 28542 | D:14     | Reached XP level 16. HP: 97/147 MP: 8/17
 28555 | D:14     | Found a gate to the Vaults.
 28691 | D:14     | Noticed Josephine
 28713 | D:14     | Killed Josephine
 29055 | D:15     | Entered Level 15 of the Dungeon
 29215 | D:15     | Found a portal to a secret trove of treasure.
 29645 | D:15     | Reached skill level 21 in Unarmed Combat
 29775 | D:15     | Cast into the Abyss (an ogre mage)
 29923 | Abyss:2  | Found a corrupted altar of Lugonu.
 30054 | Abyss:2  | Reached skill level 15 in Fighting
 30325 | Abyss:4  | Noticed a lich
 30328 | Abyss:5  | Entered Level 5 of the Abyss
 30338 | D:15     | Escaped the Abyss
 30339 | D:15     | Reached skill level 5 in Dodging
 30591 | D:15     | Found a staircase to the Depths.
 31042 | Spider:1 | Entered Level 1 of the Spider Nest
 32055 | Spider:2 | Reached XP level 17. HP: 126/156 MP: 18/18
 33356 | Spider:4 | Entered Level 4 of the Spider Nest
 34039 | Spider:4 | Noticed Asterion
 34059 | Spider:4 | Killed Asterion
 34442 | Spider:4 | Noticed Louise
 34495 | Spider:4 | Killed Louise
 35104 | Spider:4 | Noticed Arachne
 35131 | Spider:4 | Killed Arachne
 35143 | Spider:4 | Reached XP level 18. HP: 105/168 MP: 12/19
 35210 | Spider:4 | Reached skill level 22 in Unarmed Combat
 35293 | Spider:4 | Got a gossamer rune of Zot
 35520 | Shoals:1 | Entered Level 1 of the Shoals
 35520 | Shoals:1 | Found Paonkiez's Weapon Shop.
 36685 | Shoals:1 | Found a glowing golden altar of the Shining One.
 37291 | Shoals:2 | Found Doag's Jewellery Shop.
 37711 | Shoals:3 | Noticed Polyphemus
 37819 | Shoals:3 | Killed Polyphemus
 38084 | Shoals:4 | Entered Level 4 of the Shoals
 38964 | Shoals:3 | Noticed Kirke
 38996 | Shoals:3 | Killed Kirke
 39365 | Shoals:3 | Reached XP level 19. HP: 153/177 MP: 20/20
 39561 | Shoals:4 | Reached skill level 10 in Dodging
 39746 | Shoals:4 | Got a barnacled rune of Zot
 40347 | Vaults:1 | Entered Level 1 of the Vaults
 41045 | Vaults:1 | HP: 5/178 [vault warden/uncursed halberd of freezing (6)]
 41047 | Vaults:1 | Slain by a vault warden

Vault maps used:
D:1:      onia_arrival_mini_spirals
D:2:      uniq_terence, uniq_natasha
D:3:      cheibriados_altar_1, minmay_goblin_kobold_house
D:5:      yredelemnul_altar_generic, first_bread
D:6:      nemelex_xobeh_ov_fountains_minmay, bloody_makhleb,
          minmay_temple_entry_mist, uniq_edmund
D:7:      serial_curves, eino_curves_01, eino_curves_04, dk_rats_in_the_wall
D:8:      gammafunk_temple_overflow_wave, hangedman_incinerator
D:9:      vehumet_altar_wand_db, erik_lair_dragon, minmay_lindwurm_lava,
          uniq_psyche
D:10:     blue_anna_alchemist, uniq_erica
D:11:     minmay_rotating_lava
D:12:     orc_0_dummy, uniq_harold, uniq_azrael
D:13:     nicolae_wwwww, grunt_dithmenos_smoke_and_mirrors
D:14:     lightli_vaults_fourway_checkpoint, kennysheep_boxes,
          nicolae_ru_sacrificial_ziggurat, uniq_josephine
D:15:     grunt_enter_depths_magical_seal, nicolae_trove_entry_crossroad,
          dk_noncrumbling_3
Temple:   circular_temple_12
Lair:1:   kennysheep_rathole, lemuel_oklob_altar, uniq_gastronok
Lair:2:   serial_forest, infiniplex_forest_lined_room_,
          infiniplex_forest_clump_long, infiniplex_forest_clump_double,
          infiniplex_forest_straight_2, infiniplex_forest_clump_curved,
          infiniplex_forest_join, grunt_megastairs_4
Lair:3:   spider_nest_entry_webs
Lair:4:   minmay_shoals_entry_beasts, infiniplex_staircase_pool,
          serial_bayou_shore_a, grunt_megastairs_3
Lair:5:   uniq_rupert
Lair:6:   minivault_24, grunt_forest_small_clearings,
          infiniplex_staircase_pool_2
Lair:8:   due_jungle_book, slime_altar_1, uniq_snorg
Shoals:1: serial_shops, shop, lemuel_centaur_altar
Shoals:2: serial_shops, shop_fountains, st_cyclops
Shoals:3: nicolae_shoals_loop_pool, uniq_polyphemus, uniq_kirke
Shoals:4: shoals_end_hangedman, shoal_ilsuiw
Spider:2: nicolae_spider_hall_of_the_moth_king
Spider:3: hangedman_spider_mandibles
Spider:4: grunt_spider_rune_circles, uniq_arachne, uniq_louise, uniq_asterion
Orc:1:    nicolae_volcano_entry_two_sided, nicolae_orc_pool_cavern
Orc:2:    uniq_sonja
Orc:3:    sword_in_stone
Orc:4:    st_orc_congregation, abandoned_shop, uniq_maud
Vaults:1: vaults_room_boxed, v_misc_33, grunt_vaults_trifunnel,
          nicolae_vaults_big_ls, ontoclasm_vaults_loading_screen,
          vaults_room_door_hall, vaults_room_grunt_arrival_checkpoint,
          vaults_dpeg_ring, serial_shops, shop, uniq_wiglaf
Abyss:3:  grunt_abyss_rune_sword_and_sorcery, evilmike_abyss_exit_11,
          grunt_abyss_rune_twisted_forest, hangedman_abyss_or_decor_stagger
Abyss:4:  hangedman_abyss_or_decor_clamps, evilmike_abyss_rune_curve,
          evilmike_abyss_exit_9
Abyss:5:  evilmike_abyss_exit_14, bh_silent_lugonu_exit,
          hangedman_abyss_rune_flesh_and_stone
Volcano:  volcano_pools

Action                   |  1- 3 |  4- 6 |  7- 9 | 10-12 | 13-15 | 16-18 | 19-21 || total
-------------------------+-------+-------+-------+-------+-------+-------+-------++-------
Melee: Unarmed           |   105 |   236 |   391 |   960 |  1817 |  1803 |   299 ||  5611
Invok: Sacrifice a Hand  |       |       |     1 |       |       |       |       ||     1
       Draw Out Power    |       |       |       |     5 |     3 |     1 |     1 ||    10
       Sacrifice Words   |       |       |       |     1 |       |       |       ||     1
       Sacrifice Stealth |       |       |       |     1 |       |       |       ||     1
       Sacrifice Love    |       |       |       |     1 |       |       |       ||     1
       Sacrifice Arcana  |       |       |       |     1 |       |       |       ||     1
       Apocalypse        |       |       |       |       |     1 |     8 |       ||     9
Evoke: Wand              |       |       |     1 |    12 |     5 |     6 |     5 ||    29
  Use: Potion            |       |     3 |     2 |     2 |     5 |     5 |     3 ||    20
       Scroll            |       |    12 |     4 |    14 |    11 |    10 |     1 ||    52
 Stab: Invisible         |       |       |     1 |    10 |    19 |    42 |     7 ||    79
       Distracted        |       |       |       |     5 |     4 |     4 |     2 ||    15
       Paralysed         |       |       |       |     9 |    33 |    30 |     8 ||    80
       Held in net/web   |       |       |       |     1 |       |       |       ||     1
  Eat: Chunk             |     6 |    22 |    45 |   120 |   248 |   281 |    28 ||   750
       Meat ration       |       |     1 |     3 |     3 |     1 |     3 |       ||    11
       Pizza             |       |       |       |     1 |       |       |       ||     1
